 Dungeon Crawl Stone Soup version 0.14.1-18-g0856e53 (webtiles) character file.

1390 Konstantin the Magician (level 8, -4/52 HPs)
             Began as a Mummy Wizard on June 3, 2014.
             Shot with an arrow by a centaur (20 damage)
             ... on Level 6 of the Dungeon.
             The game lasted 02:54:52 (12852 turns).

Konstantin the Magician (Mummy Wizard)             Turns: 12852, Time: 02:54:52

HP  -4/52        AC 11     Str 10      XL: 8   Next: 18%
MP  10/21        EV 10     Int 19      God:
Gold 212         SH  0     Dex 10      Spells:  7 memorised,  3 levels left

rFire  x . .     SeeInvis .     k - +1,+2 dagger (protect)
rCold  + . .     Clarity  .     w - +3 leather armour
rNeg   + + +     Conserve .     (no shield)
rPois  +         rCorr    .     (no helmet)
rElec  .         rRot     +     (no cloak)
SustAb . .       Spirit   .     (no gloves)
rMut   .         Warding  +     (no boots)
Saprov . . .     Stasis   .     B - amulet of warding {unknown}
MR     +....                    (no ring)
                                (no ring)

@: very slightly contaminated, somewhat resistant to hostile enchantments,
unstealthy
A: no food or potions, fire vulnerability, restore body, cold resistance 1, life
protection 3, poison resistance, torment resistance, unbreathing
a: no special abilities


You were on level 6 of the Dungeon.
You were not hungry.

You visited 1 branch of the dungeon, and saw 6 of its levels.

You collected 212 gold pieces.

Inventory:

Hand weapons
 a - a +1,+1 dagger of venom
 k - a +1,+2 dagger of protection (weapon)
 l - a cursed -3,-2 crossbow
 m - a +0,+0 long sword
 q - the +6,+3 sling of Ashenzari {venom, rElec Dex-2 Int+3, unknown}
   (You found it on level 4 of the Dungeon)

   It poisons the ammo it fires.
   It affects your intelligence (+3).
   It affects your dexterity (-2).
   It insulates you from electricity.
 s - a +0,+0 scythe
 t - a +1,+1 vampiric hand axe
 F - a +1,+0 dagger of speed
 Q - a +0,+0 spear
Missiles
 g - 76 darts
 u - 2 tomahawks (quivered)
Armour
 b - a +0 leather armour
 d - a +0 leather armour
 e - a +0 leather armour
 i - a +0 leather armour
 p - a +0 leather armour
 r - a +0 leather armour
 v - a +0 shield
 w - a +3 leather armour (worn)
 x - a +0 chain mail
 C - a +0 leather armour
 D - a +0 scale mail
Scrolls
 f - a scroll of identify
 h - a scroll of enchant weapon II
 y - a scroll of teleportation
 z - a scroll of magic mapping {unknown}
 A - a scroll of fog {unknown}
 E - a scroll of vulnerability {unknown}
 M - 2 scrolls of remove curse
 P - a scroll of random uselessness {unknown}
 V - a scroll of fear {unknown}
Jewellery
 B - an amulet of warding (around neck) {unknown}
Potions
 n - a potion of might {unknown}
 o - a potion of berserk rage {unknown}
 H - 2 potions of curing {unknown}
 J - 2 potions of brilliance {unknown}
 T - 2 potions of confusion {unknown}
Books
 c - a book of Minor Magic

   Spells                             Type                      Level
   *Magic Dart                        Conjuration                  1
   *Blink                             Translocation                2
   *Call Imp                          Summoning                    2
   Repel Missiles                     Charms/Air                   2
   *Slow                              Hexes                        2
   *Conjure Flame                     Conjuration/Fire             3
   Mephitic Cloud                     Conjuration/Poison/Air       3
 j - a book of Summonings

   Spells                             Type                      Level
   *Abjuration                        Summoning                    3
   *Recall                            Summoning/Translocation      3
   Summon Elemental                   Summoning                    4
   Shadow Creatures                   Summoning                    5
   Summon Demon                       Summoning                    5
   Monstrous Menagerie                Summoning                    6


   Skills:
 + Level 1.8 Dodging
 + Level 1.9 Stealth
 * Level 6.3 Spellcasting
 * Level 2.1 Conjurations
 * Level 3.1 Hexes
 * Level 3.4 Summonings
 * Level 2.5 Translocations
 * Level 1.8 Fire Magic


You had 3 spell levels left.
You knew the following spells:

 Your Spells              Type           Power        Failure   Level  Hunger
a - Magic Dart            Conj           ##..         6%          1    N/A
b - Slow                  Hex            ###.....     6%          2    N/A
c - Call Imp              Summ           ###.....     4%          2    N/A
d - Blink                 Tloc           N/A          8%          2    N/A
e - Conjure Flame         Conj/Fire      ##......     14%         3    N/A
f - Recall                Summ/Tloc      N/A          12%         3    N/A
g - Abjuration            Summ           ###.......   10%         3    N/A

Dungeon Overview and Level Annotations

Branches:
Dungeon (6/15)
 Temple: D:4-7

Altars:
Elyvilon
Fedhas
Kikubaaqudgha
Makhleb
Trog
Vehumet
Xom
Yredelemnul
Zin


Innate Abilities, Weirdness & Mutations

You do not eat or drink.
Your flesh is vulnerable to fire.
Your flesh is cold resistant.
You are immune to negative energy.
Your system is resistant to poisons.
You are immune to unholy pain and torment.
You can survive without breathing.


Message History

The centaur shoots an arrow.
The arrow hits you!
Your crimson imp barely misses the centaur.
You see here an arrow.
The centaur shoots an arrow.
The arrow hits you!
The centaur shoots an arrow.
The arrow hits you!
You see here 2 arrows.
The centaur wields a bow.
The centaur shoots an arrow.
The arrow misses you.
You see here an arrow.
The centaur shoots an arrow.
The arrow misses you.
The centaur shoots an arrow.
The arrow misses you.
The centaur shoots an arrow.
The arrow hits you!
You see here an arrow.
The centaur shoots an arrow.
The arrow misses you.
The centaur shoots an arrow.
The arrow hits you!
You see here an arrow.
The centaur shoots an arrow.
The arrow hits you!
The centaur shoots an arrow.
The arrow hits you!
The centaur shoots an arrow.
The arrow hits you!
You see here 2 arrows.
The centaur shoots an arrow.
The arrow hits you!
You die...

#....##.....(# #......#####
......+...#.cc####..........#
#....###.###....[).........##
.............................
#.........(...###........
#........((#### #........
#.......%.((..# #........
#..........##.# #.......
#..........@# # #......
.#####.....(....## #.....
..................)# #####
######..........####
############


You could see 2 centaurs.

Vanquished Creatures
  Grinder (D:3)
  An ogre (D:4)
  3 scorpions
  A giant goldfish zombie (D:4)
  A human skeleton (D:2)
  An iguana (D:5)
  2 worker ants (D:5)
  Ijyb (D:3)
  8 adders
  A shadow imp (D:5)
  3 giant mites
  An adder zombie (D:5)
  A giant eyeball (D:5)
  A giant gecko (D:3)
  2 oozes
  10 orcs
  A bat skeleton (D:4)
  A bat zombie (D:4)
  6 giant cockroaches
  7 hobgoblins
  5 jackals
  6 kobolds
  9 bats
  7 giant newts
  A giant spore (D:6)
  11 goblins
  2 hobgoblin skeletons
  A quokka (D:2)
  A quokka zombie (D:5)
  10 rats
  4 rat zombies (D:4)
110 creatures vanquished.

Vanquished Creatures (collateral kills)
  A wyvern (D:4)
  A human (D:2)
  Menkaure (D:4)
  A centaur (D:5)
  Sigmund (D:3)
  Blork the orc (D:4)
  A crimson imp (D:5)
  A hound (D:5)
  4 orc priests
  4 worker ants
  A centaur skeleton (D:5)
  4 orc wizards
  2 adders
  An inept item mimic (D:2)
  2 worms
  A giant gecko (D:1)
  An ooze (D:5)
  13 orcs
  2 goblins
  A hobgoblin (D:2)
  2 jackals (D:2)
  A ball python (D:5)
  2 bats
  A giant mite zombie (D:5)
  5 kobolds
  A rat (D:4)
56 creatures vanquished.

Vanquished Creatures (others)
  20 crimson imps
  An iron imp (D:4)
  11 shadow imps
  10 white imps
  A giant cockroach (D:6)
43 creatures vanquished.

Grand Total: 209 creatures vanquished

Notes
Turn   | Place    | Note
--------------------------------------------------------------
     0 | D:1      | Konstantin, the Mummy Wizard, began the quest for the Orb.
     0 | D:1      | Reached XP level 1. HP: 13/13 MP: 4/4
   390 | D:1      | Reached XP level 2. HP: 4/19 MP: 0/6
   854 | D:1      | Learned a level 2 spell: Slow
   857 | D:1      | Learned a level 2 spell: Call Imp
   860 | D:1      | Learned a level 2 spell: Blink
  1143 | D:1      | Reached skill level 1 in Summonings
  1683 | D:2      | Reached XP level 3. HP: 24/24 MP: 0/8
  1808 | D:2      | Reached skill level 1 in Conjurations
  1919 | D:2      | Reached skill level 1 in Translocations
  2644 | D:1      | Reached skill level 4 in Spellcasting
  2660 | D:1      | Learned a level 3 spell: Conjure Flame
  2921 | D:2      | Reached XP level 4. HP: 30/30 MP: 6/11
  2974 | D:2      | Noticed a human
  2979 | D:2      | Found a basalt altar of Yredelemnul.
  3659 | D:2      | Killed a human
  3659 | D:2      | Reached XP level 5. HP: 35/35 MP: 0/13
  4162 | D:3      | Found a white marble altar of Elyvilon.
  4263 | D:3      | Noticed Grinder
  4315 | D:3      | Killed Grinder
  4315 | D:3      | Reached skill level 1 in Hexes
  4315 | D:3      | Reached skill level 1 in Fire Magic
  4315 | D:3      | Reached XP level 6. HP: 29/41 MP: 1/16
  4483 | D:3      | Noticed Ijyb
  4502 | D:3      | Killed Ijyb
  4650 | D:3      | Found a radiant altar of Vehumet.
  4671 | D:3      | Noticed Sigmund
  5057 | D:4      | Noticed Menkaure
  5075 | D:4      | Killed Menkaure
  5075 | D:4      | Reached skill level 5 in Spellcasting
  6851 | D:4      | Learned a level 3 spell: Recall
  7068 | D:4      | Got a pitted sling
  7069 | D:4      | Found a blossoming altar of Fedhas.
  7659 | D:4      | Reached XP level 7. HP: 46/46 MP: 4/18
  7776 | D:4      | Noticed Blork the orc
  7791 | D:4      | Killed Blork the orc
  8197 | D:4      | Found an ancient bone altar of Kikubaaqudgha.
  8612 | D:3      | Killed Sigmund
  8905 | D:4      | Noticed a wyvern
  8939 | D:4      | Killed a wyvern
  9075 | D:5      | Entered Level 5 of the Dungeon
  9138 | D:5      | Found a burning altar of Makhleb.
  9627 | D:5      | Paralysed by a giant eyeball for 2 turns
  9633 | D:5      | Paralysed by a giant eyeball for 3 turns
 10209 | D:5      | Paralysed by a giant eyeball for 3 turns
 10213 | D:5      | Paralysed by a giant eyeball for 4 turns
 10525 | D:5      | Noticed an angel
 10526 | D:5      | Found a shimmering altar of Xom.
 10529 | D:5      | Found a glowing silver altar of Zin.
 10739 | D:5      | Learned a level 3 spell: Abjuration
 11033 | D:5      | Reached skill level 6 in Spellcasting
 11123 | D:5      | Found a bloodstained altar of Trog.
 11137 | D:5      | Reached XP level 8. HP: 39/52 MP: 11/21
 12612 | D:6      | Found a bloodstained altar of Trog.
 12852 | D:6      | Shot with an arrow by a centaur

Action                   |  1- 3 |  4- 6 |  7- 9 || total
-------------------------+-------+-------+-------++-------
Melee: Dagger            |    36 |     6 |    36 ||    78
       Hand axe          |       |    19 |    33 ||    52
Throw: Dart              |     2 |    38 |    29 ||    69
 Cast: Magic Dart        |    75 |    82 |   154 ||   311
       Call Imp          |    24 |    67 |   101 ||   192
       Slow              |     2 |    18 |    25 ||    45
       Conjure Flame     |       |     8 |     2 ||    10
       Blink             |       |     3 |     1 ||     4
       Recall            |       |     2 |     3 ||     5
  Use: Scroll            |     1 |     4 |     2 ||     7
